 Dungeon Sprint DCSS version 0.28-a0-863-g8cecda6153 (webtiles) character file.

Game seed: 15013430192874660658

65620 emperorscorpion the Sorcerer (level 15, -13/112 HPs)
             Began as a Djinni Air Elementalist on Nov 16, 2021.
             Was a High Priest of Makhleb.
             Mangled by Mennas (27 damage)
             ... in the Dungeon (Sprint IX: "|||||||||||||||||||||||||||||").
             The game lasted 00:43:52 (5891 turns).

emperorscorpion the Sorcerer (DjAE)                 Turns: 5891, Time: 00:43:53

Health: -13/112    AC: 21    Str:  7    XL:     15   Next: 58%
Gold:   328        EV: 12    Int: 27    God:    Makhleb [*****.] SH: 13 Dex: 21

rFire   + . .      SeeInvis +   a - +2 morningstar of Somewhere Else {flame, MP+9 Int+2 SInv}
rCold   + + .      Faith    .   v - +0 kite shield
rNeg    . . .      Spirit   .   H - +1 ice dragon scales
rPois   ∞          Reflect  .   (helmet restricted)
rElec   .          Harm     .   F - +2 cloak {Will+}
rCorr   .          Rampage  .   R - +0 pair of gloves "Wede" {Regen+ Dex+3 Stlth+}
Will    ++...      NoTele   +   (boots unavailable)
Stlth   +.........              K - amulet of regeneration
HPRegen 2.28/turn               C - +6 ring of intelligence
MPRegen 0.00/turn               x - ring of protection from cold

@: on berserk cooldown, flying, slowed, glowing, silenced, very slow
A: sickness immunity, fire resistance 2, cold vulnerability 1, float, innate
caster, hp casting, extra vitality 1, antennae 2, wild magic 1, MP-powered wands
a: Renounce Religion


You were in the Dungeon.
You worshipped Makhleb.
Makhleb was extremely pleased with you.
You visited 1 branch You collected 1931 gold pieces.
You spent 1603 gold pieces at shops.

Inventory:

Hand Weapons
 a - the +2 morningstar of Somewhere Else (weapon) {flame, MP+9 Int+2 SInv}
   (You found it in the Dungeon)

   It burns those it strikes, dealing additional fire damage.
   Int:       It affects your intelligence (+2).
   MP:        It affects your magic capacity (+9).
   SInv:      It lets you see invisible.
 b - a +4 arbalest of freezing
 g - a +0 dagger
 j - a +2 rapier of venom
 s - a +0 arbalest
 D - the +0 hunting sling of the Jolly Planets {freeze, rC+ rN+ Stlth+}
   (You found it in the Dungeon)

   Any ammunition fired from it freezes those it strikes, dealing additional
   cold damage.
   It can also slow down cold-blooded creatures.
   rC:        It protects you from cold.
   rN:        It protects you from negative energy.
   Stlth:     It makes you more stealthy.
 P - the +1 demon trident "Myoruep" {freeze, Will+}
   (You found it in the Dungeon)

   It freezes those it strikes, dealing additional cold damage.
   It can also slow down cold-blooded creatures.
   Will:      It increases your willpower.
 Q - the +6 scythe "Mabonuj" {venom, rElec SInv Stlth-}
   (You found it in the Dungeon)

   It poisons the flesh of those it strikes.
   rElec:     It insulates you from electricity.
   SInv:      It lets you see invisible.
   Stlth:     It makes you less stealthy.
Missiles
 f - 2 boomerangs
 t - 78 bolts
 J - a throwing net
Armour
 i - a +0 robe
 k - +0 acid dragon scales
 l - a +2 ring mail
 o - a +2 robe of positive energy
 v - a +0 kite shield (worn)
 E - a +5 scale mail of cold resistance
 F - a +2 cloak of willpower (worn)
 H - +1 ice dragon scales (worn)
 R - the +0 pair of gloves "Wede" (worn) {Regen+ Dex+3 Stlth+}
   (You found it in the Dungeon)

   Dex:       It affects your dexterity (+3).
   Regen:     It increases your rate of health regeneration.
   Stlth:     It makes you more stealthy.
 S - a +3 tower shield
 T - +0 gold dragon scales
Jewellery
 m - a +2 ring of protection
 n - a +3 ring of strength
 w - a ring of wizardry
 x - a ring of protection from cold (right hand)
 y - a +6 ring of strength
 z - a ring of willpower
 A - a ring of protection from fire
 B - a +6 ring of dexterity
 C - a +6 ring of intelligence (left hand)
 K - an amulet of regeneration (around neck)
 L - a +6 ring of strength
 M - a ring of wizardry
 N - a +4 ring of protection
 O - a +4 ring of protection
Wands
 h - a wand of iceblast (12) (quivered)
Scrolls
 p - 4 scrolls of enchant weapon
 q - 4 scrolls of identify
 r - 3 scrolls of fog
 I - 3 scrolls of blinking
 V - 2 scrolls of fear
Potions
 c - a potion of berserk rage
 d - a potion of haste
 e - 10 potions of curing
 u - a potion of invisibility
 G - 6 potions of heal wounds
 U - a potion of mutation


   Skills:
 + Level 11.9 Fighting
 + Level 7.7 Short Blades
 + Level 15.5 Armour
 + Level 15.1 Dodging
 - Level 6.1 Stealth
 + Level 9.8 Shields
 - Level 23.1 Spellcasting
 + Level 14.9 Invocations
 - Level 2.3 Evocations


You had 25 spell levels left.
You knew the following spells:

 Your Spells              Type           Power      Damage    Failure   Level
a - Lightning Bolt        Conj/Air       58%        1d80      1%          5
b - Static Discharge      Conj/Air       100%       N/A       1%          2
c - Swiftness             Air            100%       N/A       1%          3
d - Airstrike             Air            58%        N/A       1%          4
e - Slow                  Hex            100%       N/A       1%          1
f - Wereblood             Tmut           100%       N/A       1%          2
g - Mephitic Cloud        Conj/Pois/Air  100%       N/A       1%          3
h - Tukima's Dance        Hex            100%       N/A       1%          3
i - Shock                 Conj/Air       100%       1d9       1%          1
j - Fireball              Conj/Fire      58%        3d22      1%          5
k - Statue Form           Tmut/Erth      77%        N/A       1%          6
Your spell library was empty.

Dungeon Overview and Level Annotations

Branches:
Dungeon (1/1)

Altars:
Cheibriados
Dithmenos
Elyvilon
Fedhas
Gozag
Hepliaklqana
Kikubaaqudgha
Makhleb
Nemelex Xobeh
Okawaru
Qazlal
Ru
Sif Muna
Trog
Uskayaw
Vehumet
Wu Jian
Xom
Yredelemnul
Zin
The Shining One
Beogh
Jiyva
Lugonu

Shops:
D ([=(

Annotations:
D Mennas


Innate Abilities, Weirdness & Mutations

You are immune to sickness and miasma.
You are immune to poison.
Your flesh is very heat resistant. (rF++)
You are vulnerable to cold. (rC-)
You float through the air rather than walking.
You learn spells naturally, not from books.
Your magical power is your life essence.
You have superior vitality. (+4 HP)
You have a pair of antennae on your head.
Your spells are a little harder to cast, but a little more powerful.
You expend health (3 HP) to strengthen your wands.


Message History

Mennas looks to the heavens.
You miss Mennas.
Mennas is severely wounded.
You block Mennas's attack.
Mennas hits you with a +5 eudemon blade of holy wrath! x3
You completely miss Mennas.
Mennas is severely wounded.
You block Mennas's attack. Mennas hits you but does no damage.
You barely miss Mennas.
Mennas is severely wounded.
Mennas shakes his head sadly.
Mennas hits you with a +5 eudemon blade of holy wrath!
Mennas closely misses you. You block Mennas's attack.
Mennas hits you with a +5 eudemon blade of holy wrath.
Mennas blocks your attack.
Mennas is severely wounded.
Mennas hits you with a +5 eudemon blade of holy wrath!
Mennas hits you with a +5 eudemon blade of holy wrath.
You completely miss Mennas.
Mennas is severely wounded.
Mennas hits you but does no damage. You block Mennas's attack.
Mennas hits you with a +5 eudemon blade of holy wrath!
Mennas barely misses you. Mennas blocks your attack.
Mennas is severely wounded.
Mennas hits you with a +5 eudemon blade of holy wrath.
Mennas hits you with a +5 eudemon blade of holy wrath!
Mennas blocks your attack.
Mennas is severely wounded.
You block Mennas's attack.
Mennas hits you with a +5 eudemon blade of holy wrath!
* * * LOW HITPOINT WARNING * * *
Mennas hits you with a +5 eudemon blade of holy wrath!!
* * * LOW HITPOINT WARNING * * *
Mennas barely misses you.
You are no longer berserk.
You are exhausted.
You feel yourself slow down.
Mennas hits you with a +5 eudemon blade of holy wrath!!
You die...

▓▓▓▓▓▓▓▓▓▓▓▓▓▓▓▓▓▓▓
▓.@.▓...▓...▓...▓..
▓A▓.▓.▓.▓.▓.▓.▓.▓.▓
▓.▓.▓.▓.▓.▓.▓.▓.▓.▓
▓.▓.▓.▓.▓.▓.▓.▓.▓.▓
▓.▓.▓.▓.▓.▓.▓.▓.▓.▓
{▓.▓.▓.▓.▓.▓.▓.▓.▓.▓
{▓.▓.▓.▓.▓.▓.▓.▓.▓.▓
{▓.▓.▓.▓.▓.▓.▓.▓.▓.▓
{ ▓.▓.▓.▓.▓.▓.▓.▓.▓


You could see Mennas (silencing).

Vanquished Creatures
  Agnes (D)
  A fire giant (D)
  A frost giant (D)
  2 vault wardens (D)
  A ghost moth (D)
  A spriggan defender (D)
  3 ironbound preservers (D)
  3 very ugly things (D)
  3 stone giants (D)
  Snorg (D)
  2 dire elephants (D)
  An eleionoma (D)
  A merfolk javelineer (D)
  2 merfolk impalers (D)
  2 ettins (D)
  Josephine (D)
  2 fire dragons (D)
  2 great orbs of eyes (D)
  5 hydras (D)
  A naga warrior (D)
  A rakshasa (D)
  2 centaur warriors (D)
  Harold (D)
  2 ice dragons (D)
  2 ironbound frosthearts (D)
  2 ironbound thunderhulks (D)
  A two-headed ogre (D)
  2 deep troll shamans (D)
  A deep troll earth mage (D)
  A tengu warrior (D)
  A vampire mage (D)
  A hell knight (D)
  A shock serpent (D)
  A naga sharpshooter (D)
  A spriggan druid (D)
  2 sea snakes (D)
  A lindwurm (D)
  A glowing orange brain (D)
  3 wizards (D)
  14 orc knights (D)
  A wolf spider (D)
  3 ugly things (D)
  An orc sorcerer (D)
  2 will-o-the-wisps (D)
  An orb spider (D)
  2 manticores (D)
  5 vault sentinels (D)
  A merfolk siren (D)
  4 black mambas (D)
  Joseph (D)
  A naga mage (D)
  2 cane toads (D)
  A torpor snail (D)
  A komodo dragon (D)
  A tengu conjurer (D)
  2 demonic crawlers (D)
  A freezing wraith (D)
  A jumping spider (shapeshifter) (D)
  A meliai (D)
  3 hornets (D)
  A merfolk (D)
  5 tyrant leeches (D)
  A raiju (D)
  A snapping turtle (D)
  A slime creature (D)
  A dream sheep (D)
  3 blink frogs (D)
  A tarantella (D)
  2 redbacks (D)
  A spriggan (D)
  6 wraiths (D)
  A wyvern (D)
  A yak (D)
  Grum (D)
  Eustachio (D)
  A basilisk (D)
  A water moccasin (D)
  A sky beast (D)
  15 orc warriors (D)
  A necrophage (D)
  5 wolves (D)
  5 bullfrogs (D)
  A scorpion (D)
  4 orc priests (D)
  A jelly (D)
  4 orc wizards (D)
  A gnoll (D)
  4 worms (D)
  4 orcs (D)
  A bat zombie (D)
  A giant cockroach (D)
  A hobgoblin (D)
  A quokka (D)
  A goblin (D)
  A foxfire (D)
193 creatures vanquished.

Vanquished Creatures (collateral kills)
  A shock serpent (D)
  A demonic crawler (D)
2 creatures vanquished.

Vanquished Creatures (others)
  4 foxfires (D)
4 creatures vanquished.

Grand Total: 199 creatures vanquished

Notes
Turn   | Place    | Note
-------+----------+-------------------------------------------
     0 | D        | emperorscorpion the Djinni Air Elementalist began the quest
                  | for the Orb.
     0 | D        | Reached XP level 1. HP: 15/15 MP: 0/0
    10 | D        | Reached skill level 3 in Spellcasting
    10 | D        | Reached XP level 2. HP: 7/21 MP: 0/0
   200 | D        | Noticed a sky beast
   200 | D        | Noticed a necrophage
   200 | D        | Noticed a scorpion
   215 | D        | Killed a scorpion
   216 | D        | Reached skill level 1 in Short Blades
   216 | D        | Reached skill level 5 in Spellcasting
   216 | D        | Reached XP level 3. HP: 25/26 MP: 0/0
   216 | D        | Learned a level 1 spell: Slow
   216 | D        | Reached XP level 4. HP: 30/31 MP: 0/0
   223 | D        | Killed a necrophage
   224 | D        | Reached skill level 1 in Fighting
   224 | D        | Reached skill level 6 in Spellcasting
   224 | D        | Reached XP level 5. HP: 20/37 MP: 0/0
   224 | D        | Learned a level 2 spell: Wereblood
   232 | D        | Killed a sky beast
   233 | D        | Reached skill level 5 in Dodging
   233 | D        | Reached skill level 7 in Spellcasting
   233 | D        | Reached XP level 6. HP: 11/43 MP: 0/0
   252 | D        | Found a snail-covered altar of Cheibriados.
   252 | D        | Found a shadowy altar of Dithmenos.
   252 | D        | Found a white marble altar of Elyvilon.
   252 | D        | Found a blossoming altar of Fedhas.
   252 | D        | Found an opulent altar of Gozag.
   253 | D        | Found a hazy altar of Hepliaklqana.
   254 | D        | Found a viscous altar of Jiyva.
   256 | D        | Found a corrupted altar of Lugonu.
   257 | D        | Found a burning altar of Makhleb.
   258 | D        | Found a sparkling altar of Nemelex Xobeh.
   259 | D        | Found an iron altar of Okawaru.
   260 | D        | Found a stormy altar of Qazlal.
   261 | D        | Found a sacrificial altar of Ru.
   263 | D        | Found a bloodstained altar of Trog.
   264 | D        | Found a hide-covered altar of Uskayaw.
   265 | D        | Became a worshipper of Makhleb the Destroyer
   267 | D        | Found an ornate altar of the Wu Jian Council.
   268 | D        | Found a shimmering altar of Xom.
   269 | D        | Found a basalt altar of Yredelemnul.
   270 | D        | Found a glowing silver altar of Zin.
   271 | D        | Found a glowing golden altar of the Shining One.
   287 | D        | Got the +2 morningstar of Somewhere Else {flame, MP+9 Int+2
                  | SInv}
   516 | D        | Noticed a yak
   516 | D        | Noticed an orc warrior
   516 | D        | Noticed a wraith
   516 | D        | Noticed a wyvern
   516 | D        | Noticed a hornet
   530 | D        | Reached skill level 5 in Armour
   531 | D        | Killed a yak
   532 | D        | Reached skill level 8 in Spellcasting
   532 | D        | Reached XP level 7. HP: 30/49 MP: 0/0
   532 | D        | Learned a level 3 spell: Mephitic Cloud
   533 | D        | Killed a hornet
   533 | D        | Reached * piety under Makhleb
   533 | D        | Killed a wraith
   534 | D        | Reached skill level 9 in Spellcasting
   534 | D        | Reached XP level 8. HP: 29/56 MP: 0/0
   534 | D        | Killed a wyvern
   535 | D        | Reached skill level 10 in Spellcasting
   539 | D        | Reached ** piety under Makhleb
   718 | D        | Noticed a wraith
   718 | D        | Noticed a centaur warrior
   718 | D        | Noticed a green ugly thing
   718 | D        | Noticed a two-headed ogre
   718 | D        | Noticed a basilisk
   718 | D        | Noticed a red ugly thing
   721 | D        | Killed a basilisk
   722 | D        | Reached skill level 5 in Short Blades
   734 | D        | Killed a red ugly thing
   735 | D        | Reached skill level 5 in Stealth
   735 | D        | Reached skill level 11 in Spellcasting
   735 | D        | Reached skill level 1 in Evocations
   735 | D        | Reached XP level 9. HP: 45/62 MP: 0/0
   735 | D        | Learned a level 3 spell: Tukima's Dance
   737 | D        | Killed a green ugly thing
   740 | D        | Killed a two-headed ogre
   740 | D        | Reached *** piety under Makhleb
   741 | D        | Reached skill level 5 in Fighting
   741 | D        | Reached skill level 12 in Spellcasting
   744 | D        | Killed a centaur warrior
   745 | D        | Reached XP level 10. HP: 63/70 MP: 0/0
   865 | D        | Noticed a cane toad
   865 | D        | Noticed a six-headed hydra
   865 | D        | Noticed a seven-headed hydra
   868 | D        | Reached skill level 13 in Spellcasting
   873 | D        | Reached **** piety under Makhleb
   889 | D        | Killed a seven-headed hydra
   912 | D        | Killed a cane toad
   916 | D        | Killed a six-headed hydra
   917 | D        | Reached ***** piety under Makhleb
  1106 | D        | Noticed a komodo dragon
  1112 | D        | Reached skill level 14 in Spellcasting
  1116 | D        | Killed a komodo dragon
  1123 | D        | Reached XP level 11. HP: 56/78 MP: 0/0
  1123 | D        | Learned a level 5 spell: Lightning Bolt
  1222 | D        | Reached skill level 10 in Dodging
  1223 | D        | Reached ****** piety under Makhleb
  1290 | D        | Noticed a lindwurm
  1293 | D        | Reached skill level 15 in Spellcasting
  1294 | D        | Killed a lindwurm
  1614 | D        | Noticed Josephine
  1623 | D        | Killed Josephine
  1776 | D        | Noticed Grum
  1780 | D        | Killed Grum
  1781 | D        | Reached skill level 16 in Spellcasting
  1787 | D        | Gained mutation: Armour fits poorly on your strangely
                  | shaped body. [potion of mutation]
  1787 | D        | Gained mutation: You are dopey. (Int -2) [potion of
                  | mutation]
  1787 | D        | Gained mutation: Your spells are a little harder to cast,
                  | but a little more powerful. [potion of mutation]
  1788 | D        | Lost mutation: Your spells are a little harder to cast, but
                  | a little more powerful. [potion of mutation]
  1788 | D        | Lost mutation: Armour fits poorly on your strangely shaped
                  | body. [potion of mutation]
  1788 | D        | Gained mutation: You expend health (3 HP) to strengthen
                  | your wands. [potion of mutation]
  1788 | D        | Gained mutation: You are agile. (Dex +2) [potion of
                  | mutation]
  1789 | D        | Lost mutation: You are dopey. (Int -2) [potion of mutation]
  1789 | D        | Lost mutation: You are agile. (Dex +2) [potion of mutation]
  1789 | D        | Gained mutation: You have a pair of small antennae on your
                  | head. [potion of mutation]
  1789 | D        | Gained mutation: Your spells are a little harder to cast,
                  | but a little more powerful. [potion of mutation]
  1789 | D        | Gained mutation: You have a pair of antennae on your head.
                  | [potion of mutation]
  1797 | D        | Noticed Harold
  1801 | D        | Killed Harold
  1856 | D        | Reached skill level 10 in Armour
  1936 | D        | Noticed an orc knight
  1939 | D        | Killed an orc knight
  1940 | D        | Reached XP level 12. HP: 86/86 MP: 0/0
  1943 | D        | Reached skill level 17 in Spellcasting
  2040 | D        | Found Fywovae's Weapon Boutique.
  2046 | D        | Reached skill level 18 in Spellcasting
  2588 | D        | Reached skill level 19 in Spellcasting
  2633 | D        | Found Qevohan's Jewellery Shop.
  2637 | D        | Found Juut's Armour Boutique.
  2641 | D        | Found Jufiw's Weapon Shop.
  2650 | D        | Bought a +4 arbalest of freezing for 301 gold pieces
  2652 | D        | Bought a +0 kite shield for 54 gold pieces
  2659 | D        | Bought a ring of wizardry for 330 gold pieces
  2659 | D        | Bought a ring of protection from cold for 275 gold pieces
  2659 | D        | Bought a +6 ring of strength for 643 gold pieces
  2738 | D        | Noticed Eustachio
  2745 | D        | Killed Eustachio
  2904 | D        | Got the +0 hunting sling of the Jolly Planets {freeze, rC+
                  | rN+ Stlth+}
  2949 | D        | Noticed a tengu warrior
  2954 | D        | Noticed a frost giant
  2954 | D        | Killed a tengu warrior
  2955 | D        | Reached XP level 13. HP: 92/92 MP: 0/0
  2955 | D        | Learned a level 5 spell: Fireball
  2955 | D        | Killed a frost giant
  2956 | D        | Reached skill level 20 in Spellcasting
  3015 | D        | Noticed a purple very ugly thing
  3017 | D        | Noticed a purple very ugly thing
  3018 | D        | Killed a purple very ugly thing
  3021 | D        | Killed a purple very ugly thing
  3031 | D        | Noticed a rakshasa
  3034 | D        | Noticed a fire giant
  3035 | D        | Killed a rakshasa
  3036 | D        | Noticed a fire dragon
  3038 | D        | Killed a fire giant
  3038 | D        | Noticed an ice dragon
  3039 | D        | Killed a fire dragon
  3040 | D        | Reached skill level 1 in Shields
  3040 | D        | Reached skill level 21 in Spellcasting
  3042 | D        | Killed an ice dragon
  3105 | D        | Noticed Agnes
  3111 | D        | Killed Agnes
  3243 | D        | Noticed a merfolk impaler
  3246 | D        | Noticed a merfolk javelineer
  3247 | D        | Noticed a merfolk impaler
  3250 | D        | Killed a merfolk impaler
  3251 | D        | Reached skill level 22 in Spellcasting
  3252 | D        | Killed a merfolk javelineer
  3258 | D        | Killed a merfolk impaler
  3542 | D        | Noticed a ghost moth
  3547 | D        | Killed a ghost moth
  3548 | D        | Reached XP level 14. HP: 99/99 MP: 0/0
  3811 | D        | Reached skill level 1 in Invocations
  3824 | D        | Reached skill level 23 in Spellcasting
  3986 | D        | Reached skill level 5 in Shields
  3989 | D        | Reached skill level 5 in Invocations
  4576 | D        | Noticed Snorg
  4579 | D        | Killed Snorg
  4580 | D        | Reached skill level 10 in Fighting
  4595 | D        | Noticed Joseph
  4597 | D        | Killed Joseph
  4641 | D        | Noticed a spriggan defender
  4641 | D        | Noticed a stone giant
  4644 | D        | Killed a spriggan defender
  4645 | D        | Killed a stone giant
  4651 | D        | Noticed a green very ugly thing
  4654 | D        | Killed a green very ugly thing
  4654 | D        | Noticed a stone giant
  4655 | D        | Reached skill level 10 in Invocations
  4657 | D        | Reached XP level 15. HP: 106/110 MP: 0/0
  4657 | D        | Learned a level 6 spell: Statue Form
  4658 | D        | Killed a stone giant
  4667 | D        | Noticed a stone giant
  4670 | D        | Killed a stone giant
  4924 | D        | Noticed an ironbound preserver
  4925 | D        | Killed an ironbound preserver
  5034 | D        | Noticed a vault warden
  5036 | D        | Killed a vault warden
  5043 | D        | Reached skill level 15 in Dodging
  5044 | D        | Noticed a vault warden
  5053 | D        | Killed a vault warden
  5054 | D        | Reached skill level 15 in Armour
  5256 | D        | Noticed an ironbound preserver
  5261 | D        | Killed an ironbound preserver
  5574 | D        | Noticed an ironbound preserver
  5579 | D        | Killed an ironbound preserver
  5805 | D        | Got the +1 demon trident "Myoruep" {freeze, Will+}
  5807 | D        | Got the +6 scythe "Mabonuj" {venom, rElec SInv Stlth-}
  5814 | D        | Got the +0 pair of gloves "Wede" {Regen+ Dex+3 Stlth+}
  5870 | D        | Noticed Mennas
  5891 | D        | Mangled by Mennas

Illustrated notes

Levels and vault maps discovered:
D:        linesprint [early_d, line_temple, items_1, d_10, items_2, lair_1,
          lair_end, items_3, orc_1, orc_end, items_4, d_15, swamp_1, shoals_1,
          snake_1, spider_1, d_20, vaults_1, items_5, swamp_end, shoals_end,
          snake_end, spider_end, vaults_end, d_27, items_6, zot_1, zot_end,
          crypt_end, forest_end, elf_end, slime_end, tomb_end, abyss_end,
          pan_hell_end]

Skill      XL: |  1  2  3  4  5  6  7  8  9 10 11 12 13 14 15 |
---------------+----------------------------------------------+-----
Dodging        | 3 4 5 6 7 8 9 11 12 14 15 | 15.1
Spellcasting   | 3 5 6 7 8 9 11 12 14 16 19 22 23 | 23.1
Short Blades   | 1 2 3 4 5 6 7 |  7.7
Armour         | 2 3 4 5 6 7 8 10 11 13 15 | 15.5
Stealth        | 2 3 4 5 6 |  6.1
Fighting       | 1 2 3 4 5 6 7 8 11 | 11.9
Evocations     | 1 2 |  2.3
Shields        | 2 7 9 |  9.8
Invocations    | 10 14 | 14.9

Action                   |  1- 3 |  4- 6 |  7- 9 | 10-12 | 13-15 || total
-------------------------+-------+-------+-------+-------+-------++-------
Melee: Dagger            |     9 |     9 |       |       |       ||    18
       Morningstar       |       |       |       |       |     7 ||     7
 Cast: Shock             |     5 |    11 |    19 |    20 |       ||    55
       Airstrike         |       |     5 |       |     1 |     5 ||    11
       Static Discharge  |       |     2 |     1 |    15 |       ||    18
       Swiftness         |       |     1 |       |     1 |       ||     2
       Mephitic Cloud    |       |       |     5 |     9 |     8 ||    22
       Lightning Bolt    |       |       |       |    87 |   146 ||   233
       Fireball          |       |       |       |       |     9 ||     9
       Wereblood         |       |       |       |       |     1 ||     1
       Tukima's Dance    |       |       |       |       |     2 ||     2
Invok: Greater Servant o |       |       |       |       |     7 ||     7
       Lesser Servant of |       |       |       |       |     2 ||     2
Evoke: Wand              |       |     1 |       |     9 |       ||    10
  Use: Potion            |     1 |     4 |       |     3 |     3 ||    11
       Scroll            |       |     1 |       |     1 |     4 ||     6
Armor: Robe              |     1 |     1 |       |       |       ||     2
       Ring mail         |       |     3 |       |    12 |       ||    15
       Scale mail        |       |       |       |       |    16 ||    16
       Ice dragon scales |       |       |       |       |     2 ||     2
Dodge: Dodged            |     5 |    21 |       |    19 |    24 ||    69
Block: Kite shield       |       |       |       |     1 |    20 ||    21

Table legend: (Time is in decaauts)
 A = Elapsed time spent in this place.
 B = Non-inter-level travel time spent in this place.
 C = Inter-level travel time spent in this place.
 D = Time resting spent in this place.
 E = Time spent auto-exploring this place.
 F = Levels seen in this place.
 G = Mean time per level.
                   A        B        C        D        E       F      G
               +--------+--------+--------+--------+--------+-----+--------+
         Total |   5887 |   4863 |   1024 |   2289 |    539 |   1 | 5887.0 |
       Dungeon |   5887 |   4863 |   1024 |   2289 |    539 |   1 | 5887.0 |
               +--------+--------+--------+--------+--------+-----+--------+

Top non-repeatable levels by time:
       D: 5887 daAuts
